 Dungeon Crawl Stone Soup version 0.27-a0-594-g2aaa8dbbc2 (webtiles) character file.

Game seed: 15488060803572712452

8420 ReteAZ the Cleaver (level 11, -8/71 HPs)
             Began as a Gargoyle Fighter on Mar 11, 2021.
             Was a Follower of Ru.
             Killed by an exploding ice beast (20 damage)
             ... ignited by their inner flame
             ... in an ice cave.
             The game lasted 00:15:09 (10619 turns).

ReteAZ the Cleaver (Gargoyle Fighter)              Turns: 10619, Time: 00:15:10

Health: -8/71      AC: 27    Str: 23    XL:     11   Next: 30%
Magic:  11/11      EV:  6    Int:  9    God:    Ru [*.....]
Gold:   516        SH: 16    Dex:  9    Spells: 10/10 levels left

rFire    . . .     SeeInvis .   m - +2 hand axe (distort)
rCold    + . .     Faith    .   c - +0 kite shield
rNeg     + . .     Spirit   .   J - +3 plate armour
rPois    ∞         Reflect  +   R - +2 hat {Stlth+}
rElec    +         Harm     .   A - +0 cloak
rCorr    .         Rampage  .   r - +2 pair of gloves
Will     +....                  (no boots)
Stlth    ..........             Q - amulet of reflection
HPRegen  0.21/turn              v - ring of protection from cold
MPRegen  0.12/turn              L - ring of willpower

@: no status effects
A: deformed body, negative energy resistance 1, screaming 1, electricity
resistance, torment resistance 1, unbreathing 1, petrification resistance,
inability to train dodging, AC +8
a: Renounce Religion


You were in an ice cave.
You worshipped Ru.
Ru was aware of your devotion.
You visited 2 branches of the dungeon, and saw 14 of its levels.
You also visited: Sewer, Gauntlet and Ice Cave.

You collected 626 gold pieces.
You spent 110 gold pieces at shops.

Inventory:

Hand Weapons
 a - a +0 war axe
 m - a +2 hand axe of distortion (weapon)
 P - the +2 battleaxe of Imelab {vorpal, +Inv Str+6 Int-3}
   (You found it in a Gauntlet)

   It inflicts extra damage upon your enemies.
   It affects your strength (+6).
   It affects your intelligence (-3).
   It lets you turn invisible.
Missiles
 h - 18 silver javelins (quivered)
Armour
 c - a +0 kite shield (worn)
 r - a +2 pair of gloves (worn)
 w - a +0 helmet
 A - a +0 cloak (worn)
 J - a +3 plate armour (worn)
 R - a +2 hat of stealth (worn)
Jewellery
 k - a ring of fire
 t - an amulet of magic regeneration
 v - a ring of protection from cold (right hand)
 F - an amulet of guardian spirit
 G - a ring of see invisible
 L - a ring of willpower (left hand)
 Q - an amulet of reflection (around neck)
Wands
 E - a wand of acid (11)
 O - a wand of iceblast (12)
Scrolls
 e - a scroll of fog {unknown}
 j - 2 scrolls of enchant armour
 l - 4 scrolls of amnesia
 o - 6 scrolls of teleportation
 s - 2 scrolls of random uselessness
 y - 2 scrolls of immolation
 C - a scroll of silence {unknown}
 D - a scroll of summoning {unknown}
 I - 2 scrolls of blinking {unknown}
Potions
 d - a potion of might
 f - 5 potions of brilliance
 g - 5 potions of heal wounds
 i - 2 potions of attraction
 n - 5 potions of curing
 p - a potion of resistance
 q - 2 potions of degeneration
 u - 2 potions of flight
 z - a potion of magic
 H - a potion of berserk rage {unknown}
 K - 2 potions of mutation
 M - 2 potions of haste {unknown}
 N - a potion of ambrosia {unknown}
Miscellaneous
 U - a phial of floods


   Skills:
 + Level 9.1 Fighting
 * Level 10.2 Axes
 + Level 9.2 Armour
 + Level 9.1 Shields


You had 10 spell levels left.
You didn't know any spells.
Your spell library contained the following spells:

 Spells                   Type           Power      Damage    Failure   Level
 Corona                   Hex            0%         N/A       100%        1
 Ensorcelled Hibernation  Hex/Ice        0%         N/A       100%        2
 Confusing Touch          Hex            0%         N/A       100%        3
 Dazzling Flash           Conj/Hex       0%         N/A       100%        3
 Gell's Gravitas          Tloc           0%         N/A       100%        3
 Tukima's Dance           Hex            0%         N/A       100%        3
 Petrify                  Tmut/Erth      0%         N/A       100%        4
 Metabolic Englaciation   Hex/Ice        0%         N/A       100%        5
 Yara's Violent Unravell  Hex/Tmut       0%         3d3       100%        5


Dungeon Overview and Level Annotations

Branches:
Dungeon (13/15)            Temple (1/1) D:6             Orc (0/2) D:9
  Sewer (visited)           IceCv (1/1)             Gauntlet (visited)
   Lair: D:8-11      Vaults: D:13-14

Altars:
Ashenzari
Cheibriados
Dithmenos
Elyvilon
Fedhas
Gozag
Hepliaklqana
Kikubaaqudgha
Makhleb
Nemelex Xobeh
Okawaru
Qazlal
Ru
Sif Muna
Uskayaw
Vehumet
Wu Jian
Xom
Yredelemnul
Zin
The Shining One

Shops:
D:6 !   D:7 (   D:9 (   D:11 =

Annotations:
D:7 1 exclusion, Prince Ribbit
Abyss:1 Grinder, Maggie


Innate Abilities, Weirdness & Mutations

Your stone body is resilient. (AC +8)
You are immune to poison.
You resist negative energy. (rN+)
You are resistant to electric shocks. (rElec)
You are resistant to unholy torment.
You can survive without breathing.
You are immune to petrification.
You cannot train Dodging skill.
Armour fits poorly on your strangely shaped body.
You occasionally shout uncontrollably at your foes.


Message History

The crackling of melting ice is subsiding rapidly.
The world spins around you as you enter the gateway.
You enter an ice cave!
An ugly thing and 6 ice beasts come into view.
Found a glowing fluorescent wand, 65 gold pieces, a falchion and 31 stones.
Found an ice covered gate leading back out of this place.
There is an ice choked empty arch of ancient stone here.
Really read the scroll of immolation?
As you read the scroll of immolation, it crumbles to dust.
The creatures around you are filled with an inner flame!
You block the ice beast's attack.
You closely miss the ice beast. You completely miss the ice beast.
The ice beast hits you but does no damage.
You block the ice beast's attack.
You hit the ice beast but do no damage.
Space warps horribly around the ice beast!
Flame seeps out of the ice beast.
The ice beast is severely wounded.
You hit the ice beast but do no damage.
The ice beast blinks!
The ice beast is engulfed in blazing flames.
The ice beast explodes!
The fiery explosion engulfs the ice beast!!!
The ice beast melts!
The fiery explosion engulfs the ice beast!
The ice beast melts!
Flame seeps out of the ice beast.
The ice beast is moderately wounded.
The fiery explosion engulfs you!
The fiery explosion engulfs the white ugly thing!!!
Flame seeps out of the white ugly thing.
The white ugly thing is severely wounded.
The fiery explosion engulfs the ice beast!!!
The ice beast melts!
The ice beast explodes!
The fiery explosion engulfs you!!
* * * LOW HITPOINT WARNING * * *
The fiery explosion engulfs the ice beast!!!
The ice beast melts!
The ice beast explodes!
The fiery explosion engulfs you!!
You die...

#######
##@§§..##
##§○§§...##
##.§u§§....##
#.....∩.....#
#.......Y...#
#...........#
#...Y.........#
#....8...8....#
#....../......#


You could see a white ugly thing (inner flame) and 2 ice beasts.

Vanquished Creatures
  A minotaur (Gauntlet)
  A cyclops (D:11)
  A shining eye (Gauntlet)
  Joseph (D:8)
  2 rime drakes (D:11)
  A hornet (D:9)
  Sigmund (D:4)
  A soldier ant (D:9)
  A swamp worm (Gauntlet)
  A water moccasin (D:6)
  A floating eye (Gauntlet)
  2 orc warriors (D:8)
  4 ice beasts (IceCv)
  A meliai simulacrum (Gauntlet)
  5 ogres
  A necrophage (D:9)
  A black bear (D:8)
  3 centaurs
  3 phantoms
  9 bullfrogs
  A kobold brigand (D:8)
  A gnoll sergeant (D:8)
  A cane toad simulacrum (Gauntlet)
  2 wyvern skeletons
  4 scorpions
  A jelly (D:5)
  4 wights
  An electric eel (D:7)
  2 howler monkeys
  5 bullfrog zombies (D:5)
  A centaur zombie (D:7)
  2 quasits
  4 hounds
  Crazy Yiuf (D:4)
  4 orc priests
  Jessica (D:3)
  Terence (D:2)
  2 iguanas (D:7)
  11 orc wizards
  9 worker ants
  2 killer bee zombies
  A bullfrog simulacrum (Gauntlet)
  2 hound skeletons
  A worker ant zombie (D:5)
  A howler monkey skeleton (D:5)
  13 adders
  3 white imps
  3 ufetubi
  2 oozes
  An adder zombie (D:6)
  An adder skeleton (D:6)
  2 worms (D:3)
  2 dart slugs
  6 leopard geckos
  28 orcs
  2 bats
  12 giant cockroaches
  2 goblins
  3 hobgoblins
  15 jackals
  17 kobolds
  4 quokkas
  4 ball pythons
  A ball python zombie (D:5)
  4 frilled lizards
  2 giant cockroach zombies (D:5)
  2 jackal zombies
  A leopard gecko zombie (D:5)
  A quokka skeleton (D:8)
  2 quokka zombies (D:5)
  10 rats
  A spectral hobgoblin (D:6)
250 creatures vanquished.

Vanquished Creatures (others)
  32 plants
32 creatures vanquished.

Grand Total: 282 creatures vanquished

Notes
Turn   | Place    | Note
-------+----------+-------------------------------------------
     0 | D:1      | ReteAZ the Gargoyle Fighter began the quest for the Orb.
     0 | D:1      | Reached XP level 1. HP: 14/14 MP: 1/1
    21 | D:1      | Reached skill level 2 in Axes
    22 | D:1      | Reached XP level 2. HP: 14/19 MP: 2/2
   413 | D:1      | Reached XP level 3. HP: 21/23 MP: 3/3
   908 | D:2      | Noticed Terence
   916 | D:2      | Killed Terence
   917 | D:2      | Reached XP level 4. HP: 29/29 MP: 4/4
  1168 | D:3      | Found a glowing drain.
  1186 | Sewer    | Entered a sewer
  1198 | Sewer    | Reached skill level 3 in Axes
  1279 | Sewer    | Reached XP level 5. HP: 33/33 MP: 5/5
  1389 | Sewer    | Reached XP level 6. HP: 29/39 MP: 6/6
  1681 | D:3      | Noticed Grinder
  1686 | D:3      | Paralysed by Grinder for 5 turns
  1696 | D:3      | Banished Grinder
  1697 | D:3      | Reached skill level 4 in Axes
  1697 | D:3      | Reached XP level 7. HP: 23/44 MP: 7/7
  1851 | D:3      | Noticed Jessica
  1863 | D:3      | Killed Jessica
  2246 | D:3      | Reached skill level 5 in Armour
  2723 | D:4      | Found a shimmering blue altar of Sif Muna.
  2787 | D:4      | Reached skill level 5 in Shields
  2944 | D:4      | Found an ornate altar of the Wu Jian Council.
  2968 | D:4      | Noticed Sigmund
  2993 | D:4      | Killed Sigmund
  2994 | D:4      | Reached skill level 5 in Fighting
  2994 | D:4      | Reached skill level 5 in Axes
  3165 | D:4      | Reached XP level 8. HP: 46/49 MP: 8/8
  3813 | D:4      | Found a runed translucent door.
  3814 | D:4      | Noticed Crazy Yiuf
  4107 | D:4      | Killed Crazy Yiuf
  4157 | D:5      | Entered Level 5 of the Dungeon
  4230 | D:5      | Reached skill level 6 in Axes
  4738 | D:5      | Reached XP level 9. HP: 55/55 MP: 9/9
  4984 | D:6      | Found a shimmering altar of Xom.
  4994 | D:6      | Reached skill level 7 in Axes
  5650 | D:6      | Found a staircase to the Ecumenical Temple.
  5662 | D:6      | Found a hazy altar of Hepliaklqana.
  5845 | Temple   | Entered the Ecumenical Temple
  5934 | Temple   | Became a worshipper of Ru the Awakened
  5983 | D:6      | Found Iceaz's Distillery.
  5990 | D:6      | Bought 2 potions of curing for 60 gold pieces
  5990 | D:6      | Bought a potion of heal wounds for 50 gold pieces
  6907 | D:7      | Noticed Prince Ribbit
  7065 | D:7      | Found Hethetewk's Weapon Boutique.
  7119 | D:7      | Found an opulent altar of Gozag.
  7119 | D:7      | Found a sparkling altar of Nemelex Xobeh.
  7505 | D:8      | Reached skill level 8 in Axes
  7578 | D:8      | Reached XP level 10. HP: 34/63 MP: 6/10
  7760 | D:8      | Found a snail-covered altar of Cheibriados.
  7919 | D:8      | Found a broken altar of Ashenzari.
  8012 | D:8      | You fall into a shaft and drop 1 floor!
  8171 | D:8      | Noticed Joseph
  8319 | D:8      | Killed Joseph
  8676 | D:8      | Gained mutation: You cannot train Dodging skill. [Ru
                  | sacrifice]
  8676 | D:8      | Reached * piety under Ru
  8864 | D:9      | Found an iron altar of Okawaru.
  8864 | D:9      | Found a staircase to the Orcish Mines.
  8864 | D:9      | Found Lilokaul's Weapon Emporium.
  8864 | D:9      | Noticed Maggie
  8950 | D:9      | Banished Maggie
  8951 | D:9      | Reached skill level 9 in Axes
  9236 | D:9      | Found a glowing silver altar of Zin.
  9310 | D:9      | Found a glowing golden altar of the Shining One.
  9322 | D:9      | Noticed a profane servitor
  9659 | D:9      | Noticed an angel
  9700 | D:10     | Entered Level 10 of the Dungeon
  9773 | D:10     | You fall into a shaft and drop 3 floors!
  9875 | D:11     | Found a gate leading to a gauntlet.
  9898 | Gauntlet | Entered a Gauntlet
  9898 | Gauntlet | Found a transporter.
  9907 | Gauntlet | Found a transporter.
  9907 | Gauntlet | Noticed a shining eye
  9910 | Gauntlet | Found a transporter.
  9911 | Gauntlet | Found a transporter.
  9917 | Gauntlet | Found a runed translucent gate.
  9919 | Gauntlet | Found a transporter.
  9920 | Gauntlet | Found a runed translucent gate.
  9921 | Gauntlet | Found a runed translucent gate.
  9922 | Gauntlet | Found a transporter.
  9923 | Gauntlet | Found a transporter.
  9931 | Gauntlet | Found a transporter.
  9934 | Gauntlet | Found a transporter.
  9935 | Gauntlet | Found a transporter.
  9944 | Gauntlet | Noticed a reaper
  9947 | Gauntlet | Found a transporter.
  9947 | Gauntlet | Found a transporter.
  9948 | Gauntlet | Found a transporter.
  9964 | Gauntlet | Found a transporter.
 10042 | Gauntlet | Gained mutation: Armour fits poorly on your strangely
                  | shaped body. [a shining eye]
 10048 | Gauntlet | Gained mutation: You occasionally shout uncontrollably at
                  | your foes. [a shining eye]
 10052 | Gauntlet | Killed a shining eye
 10073 | Gauntlet | Identified the +2 battleaxe of Imelab {vorpal, +Inv Str+6
                  | Int-3}
 10170 | Gauntlet | Reached XP level 11. HP: 48/69 MP: 11/11
 10315 | Gauntlet | Noticed a minotaur
 10322 | Gauntlet | Killed a minotaur
 10371 | Gauntlet | Identified the +1 robe of Hadjma {Int+2}
 10371 | Gauntlet | Identified the +1 robe "Poffiego" {rF+ rC+ Int+3}
 10384 | D:11     | Found Nosheas's Jewellery Emporium.
 10446 | D:11     | Reached skill level 10 in Axes
 10492 | D:11     | Noticed a cyclops
 10524 | D:11     | Killed a cyclops
 10543 | D:11     | Found a frozen archway.
 10613 | IceCv    | Entered an ice cave
 10613 | IceCv    | Noticed a white ugly thing
 10619 | IceCv    | Killed by an exploding ice beast... ignited by their inner
                  | flame

Illustrated notes

Levels and vault maps discovered:
D:1:      minmay_arrival_wavy_path, layout_rooms
D:2:      layout_basic, uniq_terence
D:3:      layout_basic, cheibrodos_sewer_entry_drain, minmay_parallelograms,
          uniq_grinder, uniq_jessica
D:4:      layout_loops_corners, nzn_wu_jian_contemplation, lemuel_doored_altar,
          uniq_crazy_yiuf_cottage, uniq_sigmund
D:5:      layout_gridville, serial_undead, serial_undead_a, serial_undead_c,
          serial_undead_e, serial_undead_b, serial_undead_a, serial_undead_c
D:6:      layout_loops_cross, nicolae_hepliaklqana_monster_ancestors,
          temple_pool_b, serial_shops, shop, serial_bayou_ford_a,
          minmay_ruined_shrine
D:7:      layout_basic, grunt_temple_overflow_opulence, trog_eyes_of_draining,
          serial_shops, nicolae_shop_trees, serial_bayou_lake_a,
          uniq_prince_ribbit1
D:8:      minmay_spotlight, layout_layer_cave, nicolae_overflow_hidden_temple,
          cheibriados_altar_1, sword_in_stone, uniq_joseph
D:9:      layout_basic, grunt_temple_overflow_holy_war, zin_statuary,
          okawaru_metal_pillars_1_2, orc_david_3, hangedman_pestilent_swarm,
          serial_bayou_pond_e, uniq_maggie
D:10:     layout_irregular_city, dpeg_lair_monsters
D:11:     layout_long_grid, gauntlet_entry_generic, serial_shops, shop,
          special_room [special_room_orc], portal_ice_cave_rime
D:12:     layout_loops_ring
D:13:     layout_basic, david_vaults_2
Temple:   zaba_magenta_temple
IceCv:    ice_cave_statue_garden_transporter

Skill      XL: |  1  2  3  4  5  6  7  8  9 10 11 |
---------------+----------------------------------+-----
Axes           | 2 3 4 5 6 8 9 10 | 10.2
Armour         | 4 5 6 7 8 9 |  9.2
Shields        | 4 5 6 7 8 9 |  9.1
Fighting       | 4 5 6 7 8 9 |  9.1

Action                   |  1- 3 |  4- 6 |  7- 9 | 10-12 || total
-------------------------+-------+-------+-------+-------++-------
Melee: War axe           |    60 |       |       |       ||    60
       Hand axe          |    26 |    71 |   433 |   244 ||   774
Invok: Sacrifice Nimblen |       |       |       |     1 ||     1
  Use: Scroll            |       |       |       |    16 ||    16
       Potion            |       |       |       |     2 ||     2
Armor: Scale mail        |    47 |    36 |    56 |       ||   139
       Chain mail        |       |       |    63 |       ||    63
       Leather armour    |       |       |   100 |       ||   100
       Plate armour      |       |       |       |   122 ||   122
Dodge: Dodged            |    34 |    17 |   103 |    33 ||   187
Block: Kite shield       |    38 |    34 |   187 |   128 ||   387
       Reflection        |       |       |       |     2 ||     2

Table legend: (Time is in decaauts)
 A = Elapsed time spent in this place.
 B = Non-inter-level travel time spent in this place.
 C = Inter-level travel time spent in this place.
 D = Time resting spent in this place.
 E = Time spent auto-exploring this place.
 F = Levels seen in this place.
 G = Mean time per level.
                   A        B        C        D        E       F      G
               +--------+--------+--------+--------+--------+-----+--------+
         Total |  10876 |  10439 |    437 |   1050 |   6956 |  17 |  639.8 |
       Dungeon |   9698 |   9278 |    420 |    889 |   6352 |  13 |  746.0 |
        Temple |    106 |     90 |     16 |      0 |     54 |   1 |  106.0 |
         Sewer |    591 |    591 |      0 |      0 |    419 |   1 |  591.0 |
      Ice Cave |      5 |      5 |      0 |      0 |      0 |   1 |    5.0 |
      Gauntlet |    473 |    473 |      0 |    161 |    131 |   1 |  473.0 |
               +--------+--------+--------+--------+--------+-----+--------+

Top non-repeatable levels by time:
     D:6: 1561 daAuts
     D:8: 1554 daAuts
     D:4: 1490 daAuts
     D:3: 1168 daAuts
     D:7: 985 daAuts
     D:5: 798 daAuts
     D:1: 674 daAuts
     D:9: 592 daAuts
   Sewer: 591 daAuts
Gauntlet: 473 daAuts
     D:2: 439 daAuts
    D:11: 300 daAuts
  Temple: 106 daAuts
    D:10: 72 daAuts
    D:13: 45 daAuts
